 Dungeon Crawl Stone Soup version 0.30-a0-475-g03497ec522 (webtiles) character file.

Game seed: 12253116480775634179

45 tilp the Covered (level 4, -1/38 HPs)
             Began as a Meteoran Fighter on Dec 20, 2022.
             Slain by an ice beast (3 damage)
             ... on level 6 of the Dungeon.
             The game lasted 00:01:12 (184 turns).

tilp the Covered (Meteoran Fighter)                  Turns: 184, Time: 00:01:13

Health: -1/38      AC:  7    Str: 17    XL:     4   Next: 12%
Magic:  5/5        EV: 10    Int:  9    God:
Gold:   21         SH:  5    Dex: 16    Spells: 3/3 levels left

rFire   . . .      SeeInvis .    a - +0 long sword
rCold   . . .      Faith    .    c - +0 buckler
rNeg    . . .      Spirit   .    b - +0 scale mail
rPois   .          Reflect  .    (no helmet)
rElec   .          Harm     .    (no cloak)
rCorr   .          Rampage  .    (no gloves)
Will    .....                    (no boots)
Stlth   ..........               (no amulet)
HPRegen 0.26/turn                (no ring)
MPRegen 0.09/turn                (no ring)

@: mighty, glowing
A: sense surroundings 1, otherworldly, glowing, explore regen
a: no special abilities


You were on level 6 of the Dungeon.
You visited 1 branch of the dungeon, and saw 6 of its levels.

You collected 21 gold pieces.

Inventory:

Hand Weapons
 a - a +0 long sword (weapon)
Armour
 b - a +0 scale mail (worn)
 c - a +0 buckler (worn)
Scrolls
 e - a scroll of blinking {unknown}
 g - a scroll of torment {unknown}
 h - a scroll of silence {unknown}
Potions
 d - a potion of might
 f - a potion of mutation {unknown}


   Skills:
 + Level 3.5 Fighting
 + Level 2.8 Long Blades
 + Level 3.9 Armour
 * Level 1.9 Dodging
 + Level 0.7 Stealth
 + Level 3.9 Shields


You had 3 spell levels left.
You didn't know any spells.
Your spell library contained the following spells:

 Spells                   Type           Power      Damage    Failure   Level
 Static Discharge         Conj/Air       0%         2-2/arc   95%         2
 Vhi's Electric Charge    Tloc/Air       0%         N/A       99%         3
 Arcjolt                  Conj/Air       0%         1d10      100%        5
 Lightning Bolt           Conj/Air       0%         1d11      100%        5


Dungeon Overview and Level Annotations

Branches:
Dungeon (6/15) Zot: 3409
 Temple: D:4-7

Altars:


Innate Abilities, Weirdness & Mutations

You passively map a small area around you.
You are easily found by Zot.
You glow in the dark.
You regain HP and MP as you explore.


Message History

Found a stone staircase leading down.
You feel sick.
You are no longer poisoned.
Found a pink potion.
There is a stone staircase leading down here.
You climb downwards.
HP restored.
Found 4 javelins.
Found a stone staircase leading down.
There is a stone staircase leading up here.
Unknown command.
You barely miss the ice beast.
The ice beast hits you but does no damage.
You slash the ice beast!
The ice beast is moderately wounded.
You block the ice beast's attack.
You closely miss the ice beast.
The ice beast is moderately wounded.
The ice beast closely misses you. The ice beast completely misses you.
You barely miss the ice beast.
The ice beast is moderately wounded.
The ice beast closely misses you.
You barely miss the ice beast.
The ice beast is moderately wounded.
The ice beast hits you. The ice beast freezes you!
You hit the ice beast.
The ice beast is moderately wounded.
The ice beast hits you. The ice beast freezes you!
* * * LOW HITPOINT WARNING * * *
You barely miss the ice beast.
The ice beast is moderately wounded.
The ice beast hits you but does no damage.
Unknown command.
You closely miss the ice beast.
The ice beast is moderately wounded.
You block the ice beast's attack. The ice beast hits you.
* * * LOW HITPOINT WARNING * * *
The ice beast freezes you.
* * * LOW HITPOINT WARNING * * *
You slash the ice beast!
The ice beast is almost dead.
The ice beast hits you.
You die...

, , , .. , ,..
,, ,... , .#*
.... * .####
....# ....## ,
.....###.....#
..(..........#
, , ,
#.....>..#* ,
#...@#,,
#...Y# , *
,#....# ,
,....... *
......... ,
.......... ,
.......... *
,, #..........
,, *


You could see an ice beast.

Vanquished Creatures
  A hound (D:4)
  An adder (D:5)
  2 ball pythons
  A goblin (D:1)
  A kobold (D:1)
  A quokka (D:1)
  A frilled lizard (D:1)
8 creatures vanquished.

Notes
Turn   | Place    | Note
-------+----------+-------------------------------------------
     0 | D:1      | tilp the Meteoran Fighter began the quest for the Orb.
     0 | D:1      | Reached XP level 1. HP: 19/19 MP: 2/2
    50 | D:2      | Reached XP level 2. HP: 26/26 MP: 3/3
   151 | D:4      | Noticed a hound
   153 | D:4      | Reached skill level 1 in Dodging
   155 | D:4      | Killed a hound
   156 | D:4      | Reached XP level 3. HP: 31/31 MP: 4/4
   159 | D:5      | Entered Level 5 of the Dungeon
   165 | D:5      | Reached XP level 4. HP: 33/38 MP: 5/5
   175 | D:6      | Noticed an ice beast
   184 | D:6      | Slain by an ice beast

Illustrated notes

Levels and vault maps discovered:
D:1:      co_arrival_square_in_a_square_in_a_square, layout_basic,
          shapermc_ecumenical_altar_mp_highgroup, chequers_arboretum,
          nrook_mini_backslash
D:2:      layout_rooms, serial_shops, shop, minmay_nonomino_d4, uniq_jessica,
          uniq_sigmund
D:3:      layout_basic, mainiacjoe_overflow_concentric_impassable
D:4:      layout_basic, nicolae_ru_the_path_less_chosen,
          mainiacjoe_overflow_tiny_flanked, beargit_hepliaklqana_dungeon_heroes
D:5:      layout_basic, minmay_temple_entry_ruins
D:6:      layout_cave_pools, lemuel_tele_altar, xom_butterflies

Skill      XL: |  1  2 |
---------------+-------+-----
Dodging        | 1 |  1.9
Fighting       | |  3.5
Long Blades    | |  2.8
Armour         | |  3.9
Stealth        | |  0.7
Shields        | |  3.9

Action                   |  1- 3 |  4- 6 || total
-------------------------+-------+-------++-------
Melee: Long sword        |    12 |     9 ||    21
  Use: Potion            |     1 |       ||     1
Armor: Scale mail        |     5 |     2 ||     7
Dodge: Dodged            |     4 |     3 ||     7
Block: Buckler           |       |     2 ||     2

Table legend: (Time is in decaauts)
 A = Elapsed time spent in this place.
 B = Non-inter-level travel time spent in this place.
 C = Inter-level travel time spent in this place.
 D = Time resting spent in this place.
 E = Time spent auto-exploring this place.
 F = Levels seen in this place.
 G = Mean time per level.
                   A        B        C        D        E       F      G
               +--------+--------+--------+--------+--------+-----+--------+
         Total |    188 |    178 |     10 |      0 |      0 |   6 |   31.3 |
       Dungeon |    188 |    178 |     10 |      0 |      0 |   6 |   31.3 |
               +--------+--------+--------+--------+--------+-----+--------+

Top non-repeatable levels by time:
     D:1: 82 daAuts
     D:4: 35 daAuts
     D:2: 32 daAuts
     D:5: 16 daAuts
     D:6: 11 daAuts
     D:3: 10 daAuts
